 Dungeon Sprint DCSS version 0.31-a0-879-g1609e0ac53 (webtiles) character file.

Game seed: 3330305190784254992

348 rocky1 the Nimble (level 6, 0/48 HPs)
             Began as a Djinni Gladiator on Oct 15, 2023.
             Slain by Menkaure (10 damage)
             ... in the Dungeon (Sprint II: "The Violet Keep of Menkaure").
             The game lasted 00:00:19 (41 turns).

rocky1 the Nimble (Djinni Gladiator)                  Turns: 41, Time: 00:00:19

Health: 0/48       AC:  4    Str: 13    XL:     6   Next: 91%
Gold:   0          EV: 17    Int:  9    God:
                   SH:  0    Dex: 17

rFire   + + .        a - +0 long sword
rCold   x . .        (no shield)
rNeg    . . .        b - +0 leather armour
rPois   ∞            c - +0 helmet
rElec   .            (no cloak)
rCorr   .            (no gloves)
SInv    .            (boots unavailable)
Will    .....        (no amulet)
Stlth   ++           (no ring)
HPRegen 0.28/turn    (no ring)
MPRegen 0.00/turn

%: no teleportation, infuse magic (-1 HP)
@: on berserk cooldown, flying
A: sickness immunity, fire resistance 2, cold vulnerability 1, float, innate
caster, HP casting, extra vitality 1
a: no special abilities


You were in the Dungeon.
You visited 1 branch

Inventory:

Hand Weapons
 a - a +0 long sword (weapon)
Missiles
 d - 2 throwing nets (quivered)
 e - a javelin
Armour
 b - a +0 leather armour (worn)
 c - a +0 helmet (worn)
Scrolls
 j - a scroll of blinking
Potions
 f - a potion of curing
 g - a potion of heal wounds
 h - a potion of haste


   Skills:
 + Level 4.6 Fighting
 + Level 8.3 Long Blades
 + Level 3.8 Throwing
 + Level 9.6 Dodging
 + Level 1.9 Stealth


You knew the following spells:

 Your Spells              Type           Power      Damage    Failure   Level
a - Freeze                Ice            0%         1d3       45%         1
b - Blink                 Tloc           0%         N/A       61%         2
Your spell library was empty.

Dungeon Overview and Level Annotations

Branches:
Dungeon (1/1)

Altars:

Annotations:
D Menkaure


Innate Abilities, Weirdness & Mutations

You are immune to sickness and miasma.
You are immune to poison.
Your flesh is very heat resistant. (rF++)
You are vulnerable to cold. (rC-)
You float through the air rather than walking.
You learn spells naturally, not from books.
Your magical power is your life essence.
You have superior vitality. (+4 MHP)


Message History

You have reached level 4!
You feel agile.
You have reached level 5!
The power to cast Blink wells up from within.
Spell assigned to 'b'.
You have reached level 6!
You see here a +0 spear.
You start resting.
You feel a strong urge to attack something.
You are no longer berserk.
You are exhausted.
You feel yourself slow down.
You start resting.
Menkaure, Prince of Dust comes into view.
Menkaure is nearby!
Found 243 gold pieces.
You see here 243 gold pieces.
You feel yourself speed up.
Menkaure shouts!
Menkaure misses you. x2
You hit Menkaure.
Menkaure is moderately damaged.
You hit Menkaure.
Menkaure is heavily damaged.
Menkaure calls on the powers of darkness!
Your body is wracked with pain!
You are too injured to fight recklessly!
You are too injured to fight recklessly!
You are too injured to fight recklessly!
You are too injured to fight recklessly!
You hit Menkaure.
Menkaure is severely damaged.
Menkaure gestures at you while chanting.
Pain shoots through your body!
* * * LOW HITPOINT WARNING * * *
You barely miss Menkaure.
Menkaure is severely damaged.
Menkaure shouts, "The sands of time shall wipe you from history!"
Menkaure hits you!
You die...

### ##
#+###.##..#
##.##...#..#
+.<.')#$'.§#
##.##..@#....#
#+###M##......
### §.§..
§~§§. §§~.
~~§~


You could see Menkaure.

Vanquished Creatures
  A merfolk siren (D)
1 creature vanquished.

Notes
Turn   | Place    | Note
-------+----------+-------------------------------------------
     0 | D        | rocky1 the Djinni Gladiator began the quest for the Orb.
     0 | D        | Reached XP level 1. HP: 18/18 MP: 0/0
     1 | D        | Noticed a merfolk siren
     9 | D        | Killed a merfolk siren
    10 | D        | Reached skill level 9 in Dodging
    10 | D        | Reached skill level 1 in Stealth
    10 | D        | Reached XP level 2. HP: 27/27 MP: 0/0
    10 | D        | Reached XP level 3. HP: 31/31 MP: 0/0
    10 | D        | Learned a level 1 spell: Freeze
    10 | D        | Reached XP level 4. HP: 38/38 MP: 0/0
    10 | D        | Reached XP level 5. HP: 42/42 MP: 0/0
    10 | D        | Learned a level 2 spell: Blink
    10 | D        | Reached XP level 6. HP: 48/48 MP: 0/0
    33 | D        | Noticed Menkaure
    41 | D        | Slain by Menkaure

Illustrated notes

Levels and vault maps discovered:
D:        the_violet_keep_of_menkaure [sprint2_stairs_cluster_1,
          sprint2_shoproom, sprint2_temple, sprint2_basic_supplies,
          sprint2_obstacle_6, sprint2_obstacle_3, sprint2_obstacle_1,
          sprint2_obstacle_7, sprint2_obstacle_4, sprint2_timed_cluster_1,
          sprint2_smallroom_cluster_1, sprint2_smallroom_final_cluster_1,
          sprint2_transparent_cluster_1, sprint2_second_timed_cluster_1,
          sprint2_sniper_area_1, sprint2_heavy_combat_area_1,
          sprint2_mutation_trap_area_1, sprint2_forest_area_1,
          sprint2_light_combat_area_1, sprint2_behind_water_1,
          sprint2_near_end_vault_1]

Skill      XL: |  1 |
---------------+----+-----
Fighting       | 4 |  4.6
Long Blades    | 8 |  8.3
Throwing       | 3 |  3.8
Dodging        | 9 |  9.6
Stealth        | 1 |  1.9

Action                     |  1- 3 |  4- 6 || total
---------------------------+-------+-------++-------
  Melee: Long sword        |     5 |     4 ||     9
         Punch             |     1 |       ||     1
  Throw: Throwing net      |     1 |       ||     1
    Use: Potion            |     1 |       ||     1
   Stab: Held in net/web   |     1 |       ||     1
 Armour: Leather armour    |     1 |     1 ||     2
  Dodge: Dodged            |       |     2 ||     2

Table legend: (Time is in decaauts)
 A = Elapsed time spent in this place.
 B = Non-inter-level travel time spent in this place.
 C = Inter-level travel time spent in this place.
 D = Time resting spent in this place.
 E = Time spent auto-exploring this place.
 F = Levels seen in this place.
 G = Mean time per level.
                   A        B        C        D        E       F      G
               +--------+--------+--------+--------+--------+-----+--------+
         Total |     52 |     52 |      0 |     33 |      0 |   1 |   52.0 |
       Dungeon |     52 |     52 |      0 |     33 |      0 |   1 |   52.0 |
               +--------+--------+--------+--------+--------+-----+--------+

Top non-repeatable levels by time:
       D: 52 daAuts
